 Dungeon Crawl Stone Soup version 0.27-a0-604-g29a88b33a7 (webtiles) character file.

Game seed: 357905887054945702

32804 CypherZel the Transmogrifier (level 13, 0/115 HPs)
             Began as a Red Draconian Transmuter on Mar 11, 2021.
             Was an Initiate of Qazlal.
             Slain by a spriggan rider
             ... wielding a +1 vorpal spear
              (23 damage)
             ... on level 5 of the Lair of Beasts on Mar 12, 2021.
             The game lasted 03:58:18 (43785 turns).

CypherZel the Transmogrifier (DrTm)                Turns: 43785, Time: 03:58:18

Health: 0/115      AC: 14    Str: 14    XL:     13   Next: 33%
Magic:  7/23       EV: 13    Int: 17    God:    Qazlal [......]
Gold:   1772       SH:  5    Dex: 12    Spells: 10/26 levels left

rFire    + . .     SeeInvis .     - Unarmed
rCold    . . .     Faith    .   (no shield)
rNeg     . . .     Spirit   .   (armour unavailable)
rPois    .         Reflect  +   (helmet restricted)
rElec    .         Harm     .   (no cloak)
rCorr    .         Rampage  .   n - +2 pair of gloves
Will     ++...                  a - +2 pair of boots
Stlth    +.........             g - amulet of reflection
HPRegen  0.29/turn              t - ring of willpower
MPRegen  0.18/turn              p - ring of willpower

@: no status effects
A: breathe fire, unfitting armour, fire resistance 1, cold-blooded, AC +8
a: Breathe Fire, Renounce Religion


You were on level 5 of the Lair of Beasts.
You worshipped Qazlal.
Qazlal was noncommittal.
You visited 3 branches of the dungeon, and saw 15 of its levels.
You also visited: Sewer, Bailey, Gauntlet and Ice Cave.

You collected 2422 gold pieces.
You spent 650 gold pieces at shops.

Inventory:

Missiles
 d - 92 boomerangs
 u - 15 javelins
 w - 6 curare-tipped darts
 z - 20 poisoned darts
 C - 5 atropa-tipped darts
Armour
 a - a +2 pair of boots (worn)
 m - a +0 tower shield
 n - a +2 pair of gloves (worn)
 s - a +0 buckler
 H - a +0 buckler
Jewellery
 b - a ring of magical power
 e - a ring of poison resistance
 f - a ring of willpower
 g - an amulet of reflection (around neck)
 h - a ring of willpower
 k - a +6 ring of strength
 o - a ring of willpower
 p - a ring of willpower (left hand)
 t - a ring of willpower (right hand)
 v - a +6 ring of intelligence
 x - a +6 ring of dexterity
 y - a ring of fire
 A - the amulet of Wewir {Spirit +Inv Str+3 Int-3}
   (You found it in a Gauntlet)

   [amulet of guardian spirit]

   It causes incoming damage to be split between your health and magic.
   It affects your strength (+3).
   It affects your intelligence (-3).
   It lets you turn invisible.
 D - a ring of positive energy
Wands
 i - a wand of iceblast (19)
 j - a wand of polymorph (12)
 q - a wand of flame (30)
 r - a wand of random effects (55)
Scrolls
 E - 3 scrolls of amnesia
 F - a scroll of fog
 G - a scroll of enchant armour
 W - a scroll of holy word
 X - a scroll of magic mapping {@r4}
 Z - 3 scrolls of identify {@r1}
Potions
 B - 2 potions of brilliance
 Q - a potion of magic
 U - 7 potions of mutation
Miscellaneous
 l - a condenser vane


   Skills:
 - Level 10.8 Fighting
 - Level 5.4 Dodging
 + Level 3.4 Shields
 - Level 9.7 Unarmed Combat
 - Level 7.2 Spellcasting
 - Level 5.0 Translocations
 - Level 12.1 Transmutations
 - Level 7.2 Ice Magic
 - Level 2.8 Invocations


You had 10 spell levels left.
You knew the following spells:

 Your Spells              Type           Power      Damage    Failure   Level
b - Ice Form              Ice/Tmut       39%        N/A       2%          4
c - Blade Hands           Tmut           23%        N/A       2%          5
d - Gell's Gravitas       Tloc           11%        N/A       4%          3
w - Wereblood             Tmut           47%        N/A       1%          2
B - Blink                 Tloc           N/A        N/A       2%          2

Your spell library contained the following spells:

 Spells                   Type           Power      Damage    Failure   Level
 Beastly Appendage        Tmut           94%        N/A       1%          1
 Spider Form              Tmut/Pois      13%        N/A       2%          3
 Petrify                  Tmut/Erth      26%        N/A       10%         4
 Animate Skeleton         Necr           12%        N/A       12%         1
 Magic Dart               Conj           24%        1d4       12%         1
 Pain                     Necr           24%        1d5       12%         1
 Summon Small Mammal      Summ           24%        N/A       12%         1
 Call Imp                 Summ           6%         N/A       17%         2
 Searing Ray              Conj           12%        3d3       17%         2
 Slow                     Hex            6%         N/A       17%         2
 Summon Ice Beast         Ice/Summ       18%        N/A       26%         4
 Yara's Violent Unravell  Hex/Tmut       13%        3d7       26%         5
 Call Canine Familiar     Summ           6%         N/A       34%         3
 Confusing Touch          Hex            6%         N/A       34%         3
 Conjure Flame            Conj/Fire      6%         6-21      34%         3
 Dazzling Flash           Conj/Hex       12%        N/A       34%         3
 Mephitic Cloud           Conj/Pois/Air  6%         N/A       34%         3
 Static Discharge         Conj/Air       6%         N/A       34%         3
 Summon Guardian Golem    Hex/Summ       6%         N/A       34%         3
 Vampiric Draining        Necr           3%         2d6       34%         3
 Iskenderun's Mystic Bla  Conj/Tloc      14%        2d5       38%         4
 Metabolic Englaciation   Hex/Ice        9%         N/A       56%         5
 Animate Dead             Necr           3%         N/A       75%         4
 Fulminant Prism          Conj/Hex       3%         3d6       75%         4
 Summon Lightning Spire   Summ/Air       6%         N/A       75%         4
 Agony                    Necr           6%         N/A       97%         5
 Lightning Bolt           Conj/Air       3%         1d14      97%         5
 Ignition                 Fire           3%         3d4       100%        8
 Shatter                  Erth           3%         3d7*      100%        9
 Tornado                  Air            3%         N/A       100%        9


Dungeon Overview and Level Annotations

Branches:
Dungeon (9/15)             Temple (1/1) D:5            Lair (5/6) D:9
 Shoals (0/4) Lair:2        Snake (0/4) Lair:2        Sewer (visited)
 Bailey (visited)           IceCv (visited)         Gauntlet (visited)
  Slime: Lair:5-6       Orc: D:9-12

Altars:
Ashenzari
Cheibriados
Dithmenos
Elyvilon
Fedhas
Gozag
Hepliaklqana
Kikubaaqudgha
Makhleb
Nemelex Xobeh
Okawaru
Qazlal
Ru
Sif Muna
Trog
Uskayaw
Vehumet
Wu Jian
Xom
Yredelemnul
Zin
The Shining One

Shops:
D:4 =

Annotations:
D:4 Sigmund
D:5 1 runed translucent door
D:9 exclusion: oklob plant
Lair:2 3 runed translucent doors, exclusion: oklob plant, Neix's ghost, journeyman BaSk
Lair:4 3 runed translucent doors, exclusion: 3 oklob plants, Quyjis's ghost, journeyman DDGl


Innate Abilities, Weirdness & Mutations

You can breathe blasts of fire.
Your fiery red scales are hard. (AC +8)
You cannot fit into any form of body armour.
Your flesh is heat resistant. (rF+)
You are cold-blooded and may be slowed by cold attacks.


Message History

* * * LOW HITPOINT WARNING * * *
x2
Okay, then.
Okay, then.
Casting: Blink (safe; 2% risk of failure)
Confirm with . or Enter, or press ? or * to list all spells.
You blink.
The spriggan rider hits you from afar with a +1 vorpal spear!
* * * LOW HITPOINT WARNING * * *
x2
Okay, then.
Casting: Blink (safe; 2% risk of failure)
Confirm with . or Enter, or press ? or * to list all spells.
You blink.
Casting: Blink (safe; 2% risk of failure)
Confirm with . or Enter, or press ? or * to list all spells.
You blink.
You feel better.
The spriggan rider hits you from afar with a +1 vorpal spear.
* * * LOW HITPOINT WARNING * * *
x2
Okay, then.
Throw: throwing net
Press: ? - help, Shift-Dir - straight line, f - spriggan rider
Aim: a spriggan rider, wielding a +1 vorpal spear (36% to hit)
You throw a throwing net.
The throwing net hits the spriggan rider.
The spriggan rider is caught in the net!
The spriggan rider struggles against the net.
The spriggan rider struggles against the net.
Casting: Blink (safe; 2% risk of failure)
Confirm with . or Enter, or press ? or * to list all spells.
You blink.
Casting: Blink (safe; 2% risk of failure)
Confirm with . or Enter, or press ? or * to list all spells.
You blink.
The spriggan rider hits you from afar with a +1 vorpal spear.
* * * LOW HITPOINT WARNING * * *
x2
Casting: Blink (safe; 2% risk of failure)
Confirm with . or Enter, or press ? or * to list all spells.
You blink.
The spriggan rider hits you from afar with a +1 vorpal spear!!
You die...

..#.....#######..........>.##
....##..# #............#
...###P## #.........####
....#### ########### ...##
....## ♣♣♣♣♣♣ P(...#
♣♣♣§...♣♣ ♣♣ ....##
♣♣♣i.♣♣♣..♣♣♣♣♣♣♣. P....#
♣♣♣@i♣♣♣ ♣.......... .P..##
♣♣..♣♣♣ ♣♣...♣♣♣♣♣♣ #...#
♣♣.♣♣♣ ♣♣♣♣...♣ .#..#
♣♣♣♣♣♣.♣♣ ♣♣.....♣♣ ....#
♣.♣.♣♣(♣♣ ♣♣.♣♣♣♣....♣ ....#
♣♣.....§♣ ♣.♣♣ ♣♣♣♣...♣ ....#
♣.....♣♣♣ ♣.♣♣ ... ....#
♣..[..♣ ♣..♣♣ . .#..# ♣♣..[♣♣
♣♣♣.♣


You could see a spriggan rider and a spriggan.

Vanquished Creatures
  A boulder beetle (Lair:3)
  5 hydras
  A necromancer (Gauntlet)
  A worldbinder (Gauntlet)
  5 black mambas
  5 elephants (Lair:1)
  11 cane toads
  2 ice statues (IceCv)
  3 rime drakes
  4 komodo dragons
  6 ice devils (IceCv)
  2 polar bears
  2 hornets (Lair:5)
  35 dancing weapons
  9 spriggans
  7 wyverns
  4 basilisks
  25 yaks
  Menkaure (D:7)
  23 water moccasins
  6 orc warriors
  2 sky beasts (D:5)
  2 black bears
  5 boggarts
  2 ice beasts
  4 ogres
  3 centaurs
  18 wolves
  22 bullfrogs
  A wyvern zombie (D:6)
  4 scorpions
  4 wights (D:6)
  3 howler monkeys
  An electric eel (Lair:1)
  A quasit (D:9)
  4 hounds
  3 jellies
  4 orc priests
  2 bullfrog skeletons
  4 iguanas
  Natasha (twice) (D:2 D:1)
  18 worker ants
  10 orc wizards
  A hound zombie (D:7)
  3 hound skeletons
  A worker ant zombie (D:4)
  12 adders
  23 gnolls
  2 shadow imps
  11 white imps
  5 ufetubi (IceCv)
  2 adder skeletons
  3 worms
  A dart slug (D:1)
  11 leopard geckos
  27 orcs
  11 giant cockroaches
  16 goblins
  24 hobgoblins
  8 jackals
  13 kobolds
  12 quokkas
  14 bats
  9 frilled lizards
  A jackal zombie (D:5)
  A leopard gecko skeleton (D:4)
  3 rats
  2 butterflies (D:5)
493 creatures vanquished.

Vanquished Creatures (others)
  4 white imps (IceCv)
  4 ufetubi (IceCv)
  109 fungi
  186 plants
303 creatures vanquished.

Grand Total: 796 creatures vanquished

Notes
Turn   | Place    | Note
-------+----------+-------------------------------------------
     0 | D:1      | CypherZel the Draconian Transmuter began the quest for the
                  | Orb.
     0 | D:1      | Reached XP level 1. HP: 16/16 MP: 3/3
   286 | D:1      | Reached XP level 2. HP: 23/23 MP: 3/5
   926 | D:1      | Learned a level 2 spell: Wereblood
  1444 | D:1      | Reached XP level 3. HP: 28/28 MP: 4/6
  1944 | D:2      | Noticed Natasha
  1957 | D:2      | Killed Natasha
  2001 | D:2      | Noticed Natasha
  2026 | D:1      | Killed Natasha
  2027 | D:1      | Reached skill level 5 in Unarmed Combat
  2027 | D:1      | Reached XP level 4. HP: 18/35 MP: 7/7
  3173 | D:2      | Reached skill level 3 in Transmutations
  3173 | D:2      | Reached XP level 5. HP: 29/40 MP: 8/8
  3966 | D:3      | Found a glowing drain.
  3984 | Sewer    | Entered a sewer
  4095 | Sewer    | Learned a level 4 spell: Ice Form
  4110 | Sewer    | Noticed a water moccasin
  4140 | Sewer    | Killed a water moccasin
  4141 | Sewer    | Reached skill level 4 in Transmutations
  4141 | Sewer    | Reached XP level 6. HP: 47/47 MP: 9/9
  5018 | D:3      | Reached skill level 5 in Transmutations
  5147 | D:4      | Reached skill level 1 in Ice Magic
  5316 | D:4      | Found Roaceoc's Jewellery Boutique.
  5721 | D:4      | Upgraded the game from 0.27-a0-597-g524d869a0f to
                  | 0.27-a0-604-g29a88b33a7
  5886 | D:4      | Noticed Sigmund
  6572 | D:5      | Entered Level 5 of the Dungeon
  6715 | D:5      | Your scales start taking on a fiery red colour.
  6715 | D:5      | Reached XP level 7. HP: 37/52 MP: 10/10
  6715 | D:5      | Gained mutation: Your flesh is heat resistant. (rF+) [Red
                  | Draconian growth]
  6915 | D:5      | Found an ornate altar of the Wu Jian Council.
  6920 | D:5      | Became a worshipper of the Wu Jian Council
  7054 | D:5      | Found a staircase to the Ecumenical Temple.
  7264 | D:5      | Reached skill level 6 in Transmutations
  7494 | D:5      | Found a runed translucent door.
  7496 | D:5      | Found a runed translucent door.
  7593 | D:5      | Reached XP level 8. HP: 58/59 MP: 11/11
  7596 | D:5      | Reached skill level 7 in Transmutations
  8928 | D:6      | Reached skill level 5 in Ice Magic
  9029 | D:6      | Reached * piety under Wu Jian
  9030 | D:6      | Reached skill level 8 in Transmutations
  9920 | D:7      | Found a flagged portal.
  9958 | Bailey   | Entered a bailey
 10126 | Bailey   | Reached ** piety under Wu Jian
 10440 | Bailey   | Reached XP level 9. HP: 23/64 MP: 12/12
 11367 | D:7      | Reached skill level 9 in Transmutations
 11429 | D:7      | Learned a level 5 spell: Blade Hands
 11466 | D:7      | Reached *** piety under Wu Jian
 11708 | D:7      | Noticed Menkaure
 11717 | D:7      | Killed Menkaure
 12241 | D:7      | Identified a scroll of acquirement
 12241 | D:7      | Acquired 1065 gold pieces
 12371 | D:4      | Bought a ring of willpower for 325 gold pieces
 12371 | D:4      | Bought a ring of willpower for 325 gold pieces
 12546 | D:8      | Found a hazy altar of Hepliaklqana.
 14284 | D:8      | Found an ancient bone altar of Kikubaaqudgha.
 14284 | D:8      | Found a bloodstained altar of Trog.
 14397 | D:8      | Reached skill level 10 in Transmutations
 15152 | D:9      | Reached XP level 10. HP: 77/77 MP: 9/13
 15800 | D:9      | Found a staircase to the Lair.
 16401 | D:9      | Reached skill level 5 in Fighting
 16976 | D:9      | Found a blossoming altar of Fedhas.
 16992 | D:9      | Noticed an oklob plant
 17721 | Lair:1   | Entered Level 1 of the Lair of Beasts
 17736 | D:9      | Reached skill level 5 in Dodging
 18086 | Lair:1   | Reached **** piety under Wu Jian
 18417 | Lair:2   | Noticed a cane toad
 18450 | Lair:1   | Reached skill level 1 in Translocations
 18454 | Lair:1   | Learned a level 2 spell: Blink
 18871 | Lair:1   | Noticed a seven-headed hydra
 19581 | Lair:1   | Killed a seven-headed hydra
 19582 | Lair:1   | Reached skill level 5 in Translocations
 20668 | D:9      | Reached XP level 11. HP: 78/89 MP: 7/15
 21539 | Lair:1   | You fall into a shaft and drop 1 floor!
 21539 | Lair:2   | Noticed a four-headed hydra
 21539 | Lair:2   | Noticed a six-headed hydra
 22434 | Lair:2   | Found a staircase to the Shoals.
 25306 | Lair:2   | Learned a level 3 spell: Gell's Gravitas
 25348 | Lair:2   | Noticed an oklob plant
 25808 | Lair:2   | Found a runed translucent gate.
 25808 | Lair:2   | Noticed Neix's ghost (journeyman BaSk)
 25824 | Lair:2   | Found a runed translucent gate.
 25825 | Lair:2   | Found a runed translucent gate.
 26046 | Lair:2   | Found a staircase to the Snake Pit.
 26132 | Lair:1   | Killed a four-headed hydra
 26576 | Lair:1   | Reached XP level 12. HP: 55/104 MP: 13/18
 29293 | Lair:3   | Noticed a six-headed hydra
 30884 | Lair:4   | Reached skill level 10 in Fighting
 30975 | Lair:4   | Found a runed translucent gate.
 30975 | Lair:4   | Found a runed translucent gate.
 30976 | Lair:4   | Found a runed translucent gate.
 30992 | Lair:4   | Noticed Quyjis's ghost (journeyman DDGl)
 31061 | Lair:4   | Reached skill level 5 in Spellcasting
 31086 | Lair:4   | Found a frozen archway.
 31096 | IceCv    | Entered an ice cave
 31298 | IceCv    | Reached skill level 11 in Transmutations
 32773 | IceCv    | Noticed a reaper
 34582 | Lair:1   | Killed a six-headed hydra
 34622 | D:9      | Killed a six-headed hydra
 34994 | Temple   | Entered the Ecumenical Temple
 35196 | Temple   | Fell from the grace of Wu Jian
 35196 | Temple   | Became a worshipper of Qazlal Stormbringer
 35524 | Lair:4   | Noticed a boulder beetle
 35600 | Lair:3   | Reached skill level 12 in Transmutations
 36313 | Lair:3   | Killed a boulder beetle
 38608 | Lair:5   | Found a gate leading to a gauntlet.
 38617 | Gauntlet | Entered a Gauntlet
 38617 | Gauntlet | Found a transporter.
 38641 | Gauntlet | Found a transporter.
 38653 | Gauntlet | Found a transporter.
 38658 | Gauntlet | Noticed a hell beast
 38660 | Gauntlet | Found a transporter.
 38675 | Gauntlet | Found a transporter.
 38690 | Gauntlet | Noticed a hell beast
 38694 | Gauntlet | Found a transporter.
 38702 | Gauntlet | Found a large runed translucent door.
 38703 | Gauntlet | Found a large runed translucent door.
 38704 | Gauntlet | Found a large runed translucent door.
 38704 | Gauntlet | Found a large runed translucent door.
 38705 | Gauntlet | Found a runed translucent gate.
 38706 | Gauntlet | Found a transporter.
 38706 | Gauntlet | Found a runed translucent gate.
 38707 | Gauntlet | Found a runed translucent gate.
 38707 | Gauntlet | Noticed an entropy weaver
 38708 | Gauntlet | Found a large runed translucent door.
 38708 | Gauntlet | Found a large runed translucent door.
 38709 | Gauntlet | Found a large runed translucent door.
 38710 | Gauntlet | Found a large runed translucent door.
 38718 | Gauntlet | Found a transporter.
 38730 | Gauntlet | Found a transporter.
 38742 | Gauntlet | Found a transporter.
 38761 | Gauntlet | Found a transporter.
 38779 | Gauntlet | Found a transporter.
 38781 | Gauntlet | Found a transporter.
 38817 | Gauntlet | Found a transporter.
 38819 | Gauntlet | Found a transporter.
 38847 | Gauntlet | Found a transporter.
 38849 | Gauntlet | Found a transporter.
 38851 | Gauntlet | Found a transporter.
 38853 | Gauntlet | Found a large runed translucent door.
 38853 | Gauntlet | Found a large runed translucent door.
 38854 | Gauntlet | Found a large runed translucent door.
 38854 | Gauntlet | Found a large runed translucent door.
 39190 | Gauntlet | Reached XP level 13. HP: 110/113 MP: 18/23
 39236 | Gauntlet | Found a large runed translucent door.
 39236 | Gauntlet | Found a large runed translucent door.
 39236 | Gauntlet | Found a runed translucent door.
 39236 | Gauntlet | Found a runed translucent door.
 39238 | Gauntlet | Found a large runed translucent door.
 39239 | Gauntlet | Found a large runed translucent door.
 39251 | Gauntlet | Noticed an ironheart preserver
 39259 | Gauntlet | Noticed an ironheart preserver
 39619 | Gauntlet | Identified the amulet of Wewir {Spirit +Inv Str+3 Int-3}
 39712 | Gauntlet | Noticed a minotaur
 40322 | Lair:5   | Reached skill level 1 in Invocations
 41943 | Lair:5   | Reached skill level 1 in Shields
 43785 | Lair:5   | Slain by a spriggan rider

Illustrated notes

Levels and vault maps discovered:
D:1:      lightli_arrival_lavapool, layout_loops_corners, st_stairs_13
D:2:      layout_rooms, grunt_decor_mini_mirrors, uniq_natasha
D:3:      layout_loops_ring, gup_sewer_entry_pipe
D:4:      layout_cave_pods, serial_shops, shop, minmay_goblin_kobold_house,
          uniq_sigmund
D:5:      lemuel_insect_pit, layout_layer_cave, kennysheep_little_box,
          minmay_temple_entry_proselytizer
D:6:      layout_basic, chequers_serial_rivers_small_a, hangedman_decor_points
D:7:      layout_loops_corners, enter_bailey_5, uniq_menkaure
D:8:      layout_loops_ring, lemuel_crystal_altar,
          gammafunk_temple_overflow_elements
D:9:      minmay_goldmine, layout_rooms, due_lair_maze_entry_diamond, tgw_fedhas
Temple:   dpeg_five_rooms_temple
Lair:1:   layout_hall_layers, serial_bayou_shore_a
Lair:2:   dpeg_oklob_gauntlet, layout_loops_ring, shoals_dummy_entry,
          minmay_snake_entry_six_corridors, ebering_ghost_rock_garden,
          st_stairs_11, serial_bayou_crossing
Lair:3:   layout_cave_pods, infiniplex_staircase_pool_2
Lair:4:   layout_cave_pods, portal_ice_cave_entry_pillars_1,
          ebering_ghost_rock_garden, minmay_lair_oklob_chamber
Lair:5:   kb_forest_paths, layout_misc_corridors, gauntlet_entry_generic

Skill      XL: |  1  2  3  4  5  6  7  8  9 10 11 12 13 |
---------------+----------------------------------------+-----
Unarmed Combat | 4 5 8 9 |  9.7
Transmutations | 3 4 5 6 8 10 12 | 12.1
Ice Magic      | 2 3 5 7 |  7.2
Dodging        | 3 5 |  5.4
Fighting       | 3 6 9 10 | 10.8
Translocations | 5 |  5.0
Spellcasting   | 3 4 7 |  7.2
Invocations    | 2 |  2.8
Shields        | 3 |  3.4

Action                   |  1- 3 |  4- 6 |  7- 9 | 10-12 | 13-15 || total
-------------------------+-------+-------+-------+-------+-------++-------
Melee: Unarmed           |    95 |   235 |   331 |   721 |   162 ||  1544
       Kick              |    14 |    23 |    66 |     4 |       ||   107
       Tailslap          |     9 |    20 |    36 |    44 |    12 ||   121
       Headbutt          |     3 |    20 |    30 |     1 |       ||    54
       Punch             |     2 |     1 |     7 |    12 |     7 ||    29
Throw: Dart              |       |     4 |       |     5 |     1 ||    10
       Javelin           |       |     7 |    40 |    52 |       ||    99
       Boomerang         |       |       |    10 |       |       ||    10
       Throwing net      |       |       |       |     1 |     1 ||     2
 Cast: Beastly Appendage |    29 |    42 |    39 |     5 |       ||   115
       Wereblood         |       |     2 |    16 |    11 |     4 ||    33
       Ice Form          |       |       |    17 |    52 |     2 ||    71
       Blade Hands       |       |       |       |    61 |    24 ||    85
       Blink             |       |       |       |    72 |    18 ||    90
       Gell's Gravitas   |       |       |       |     3 |       ||     3
Invok: Lunge             |       |       |    25 |    11 |       ||    36
       Whirlwind         |       |       |     6 |    20 |       ||    26
       Serpent's Lash    |       |       |       |     7 |       ||     7
 Abil: Breathe Fire      |       |       |    41 |    29 |     5 ||    75
       Wall Jump         |       |       |     2 |     1 |       ||     3
       End Transformatio |       |       |       |     2 |     3 ||     5
Evoke: Wand              |       |       |       |     8 |       ||     8
  Use: Scroll            |     3 |    10 |    10 |    17 |     1 ||    41
       Potion            |     2 |     3 |     9 |    17 |     1 ||    32
 Stab: Invisible         |       |       |     3 |       |       ||     3
       Sleeping          |       |       |     2 |       |       ||     2
Armor: Skin              |    36 |    74 |    72 |   229 |    41 ||   452
Dodge: Dodged            |    36 |   145 |   204 |   471 |    79 ||   935
Block: Other             |       |     2 |    79 |   181 |    36 ||   298
       Reflection        |       |       |     5 |     3 |       ||     8

Table legend: (Time is in decaauts)
 A = Elapsed time spent in this place.
 B = Non-inter-level travel time spent in this place.
 C = Inter-level travel time spent in this place.
 D = Time resting spent in this place.
 E = Time spent auto-exploring this place.
 F = Levels seen in this place.
 G = Mean time per level.
                   A        B        C        D        E       F      G
               +--------+--------+--------+--------+--------+-----+--------+
         Total |  43874 |  41246 |   2628 |  20945 |  10035 |  19 | 2309.2 |
       Dungeon |  20494 |  18881 |   1613 |   8786 |   6599 |   9 | 2277.1 |
        Temple |    231 |    202 |     29 |      0 |    145 |   1 |  231.0 |
          Lair |  18731 |  17746 |    985 |   9740 |   3168 |   5 | 3746.2 |
         Sewer |    348 |    348 |      0 |    225 |     40 |   1 |  348.0 |
        Bailey |   1026 |   1026 |      0 |    545 |     83 |   1 | 1026.0 |
      Ice Cave |   1705 |   1705 |      0 |   1078 |      0 |   1 | 1705.0 |
      Gauntlet |   1336 |   1336 |      0 |    570 |      0 |   1 | 1336.0 |
               +--------+--------+--------+--------+--------+-----+--------+

Top non-repeatable levels by time:
  Lair:1: 6174 daAuts
     D:9: 5585 daAuts
  Lair:3: 3830 daAuts
  Lair:2: 3363 daAuts
  Lair:4: 3132 daAuts
     D:8: 2901 daAuts
     D:5: 2465 daAuts
  Lair:5: 2231 daAuts
     D:7: 2142 daAuts
     D:1: 1894 daAuts
     D:2: 1753 daAuts
   IceCv: 1705 daAuts
     D:4: 1654 daAuts
Gauntlet: 1336 daAuts
     D:3: 1076 daAuts
